 Dungeon Crawl Stone Soup version 0.25.1-2-g60ff931df9 (webtiles) character file.

Game seed: 15132503875640444792

28 DearestLeader the Ducker (level 3, 0/29 HPs)
             Began as a Demonspawn Gladiator on Nov 3, 2020.
             Slain by Robin
             ... wielding a +5 club
              (1 damage)
             ... on level 2 of the Dungeon.
             The game lasted 00:02:13 (863 turns).

DearestLeader the Ducker (Demonspawn Gladiator)      Turns: 863, Time: 00:02:13

Health: 0/29       AC:  5    Str: 15    XL:     3   Next: 0%
Magic:  0/3        EV: 13    Int:  9    God:
Gold:   39         SH:  0    Dex: 14    Spells: 2/2 levels left

rFire    . . .     SeeInvis .   a - +0 war axe
rCold    . . .     Gourm    .   (no shield)
rNeg     . . .     Faith    .   b - +0 leather armour
rPois    .         Spirit   +   c - +0 helmet
rElec    .         Reflect  .   (no cloak)
rCorr    .         Harm     .   (no gloves)
MR       .....                  (no boots)
Stlth    ++........             (no amulet)
HPRegen  0.09/turn              i - ring of stealth
MPRegen  0.08/turn              (no ring)

@: mighty
A: rugged brown scales 1, magic shield
a: no special abilities


You were on level 2 of the Dungeon.
You were not hungry.

You visited 1 branch of the dungeon, and saw 2 of its levels.

You collected 39 gold pieces.

Inventory:

Hand Weapons
 a - a +0 war axe (weapon)
Missiles
 d - 3 throwing nets (quivered)
Armour
 b - a +0 leather armour (worn)
 c - a +0 helmet (worn)
Jewellery
 i - a ring of stealth (left hand)
Scrolls
 e - a scroll of remove curse {unknown}
 h - a scroll of random uselessness {unknown}
 j - a scroll of identify {unknown}
Potions
 k - a potion of brilliance {unknown}
 l - a potion of might
Comestibles
 f - 2 rations
 g - a chunk of flesh


   Skills:
 * Level 3.1 Fighting
 - Level 2.6 Axes
 - Level 1.7 Throwing
 + Level 3.1 Dodging


You had 2 spell levels left.
You didn't know any spells.
Your spell library was empty.

Dungeon Overview and Level Annotations

Branches:
Dungeon (2/15)

Altars:
Nemelex Xobeh

Annotations:
D:2 Robin


Innate Abilities, Weirdness & Mutations

You are partially covered in rugged brown scales. (AC +1, +3% HP)
When hurt, damage is shared between your health and your magic reserves.


Message History

You kill the goblin!
You have reached level 3!
Your experience leads to an increase in your attributes!
Increase (S)trength, (I)ntelligence, or (D)exterity?
You feel stronger.
Your demonic ancestry asserts itself...
Rugged brown scales grow over part of your body.
You see here a +1 dagger of flaming.
You hit Robin.
Robin is moderately wounded.
Robin hits you but does no damage.
You closely miss Robin.
Robin is moderately wounded.
Robin hits you with a +5 club!
* * * LOW HITPOINT WARNING * * *
Robin roars a battlecry!
The hobgoblin goes into a battle-frenzy!
It was a potion of might.
You feel very mighty all of a sudden. The bat hits you but does no damage.
Robin hits you with a +5 club.
You die...

#.# . #.# ...
#.#
##..#####.#
.........g###
#....).).†g#
#.########g#
#g# #@#
#b#### #....#
####.# #


You could see Robin, 2 hobgoblins and a bat.

Vanquished Creatures
  2 dart slugs (D:1)
  4 goblins
  6 hobgoblins
  A ball python (D:1)
  3 bats (D:1)
  4 frilled lizards
  3 kobolds (D:1)
  A rat (D:1)
24 creatures vanquished.

Notes
Turn   | Place    | Note
-------+----------+-------------------------------------------
     0 | D:1      | DearestLeader the Demonspawn Gladiator began the quest for
                  | the Orb.
     0 | D:1      | Reached XP level 1. HP: 16/16 MP: 1/1
   336 | D:1      | Found a sparkling altar of Nemelex Xobeh.
   363 | D:1      | Gained mutation: When hurt, damage is shared between your
                  | health and your magic reserves. [demonic ancestry]
   363 | D:1      | Reached XP level 2. HP: 23/23 MP: 2/2
   844 | D:2      | Noticed Robin
   859 | D:2      | Gained mutation: You are partially covered in rugged brown
                  | scales. (AC +1, +3% HP) [demonic ancestry]
   859 | D:2      | Reached XP level 3. HP: 6/29 MP: 1/3
   862 | D:2      | HP: 1/29 [Robin/+5 club (6)]
   863 | D:2      | Slain by Robin

Illustrated notes

Levels and vault maps discovered:
D:1:      giann_wishing_wells, layout_loops_ring,
          nemelex_xobeh_ov_fountains_minmay
D:2:      layout_loops_ring, marbit_many_paths, uniq_robin,
          uniq_crazy_yiuf_cottage, uniq_natasha

Skill      XL: |  1  2 |
---------------+-------+-----
Dodging        | 3 |  3.1
Fighting       | 3 |  3.1
Axes           | |  2.6
Throwing       | |  1.7

Action                   || total
-------------------------++-------
Melee: War axe           ||    75
  Use: Potion            ||     1
 Stab: Sleeping          ||     1
Armor: Leather armour    ||    27
Dodge: Dodged            ||    77
